AoeStats
← HarrySzczypior

Arabia

503187109Analyzed
1v1 RM · 1mo ago on Aug 30, 2026· 53m 58s· 2 players
Game mode
Random Map
Map size
Tiny (2 player)
Population
200
Speed
Normal
Resources
Standard
Victory
Conquest
Starting age
Dark Age
Ending age
Imperial Age
RankedLock teamsTeams togetherTeam positionsShared explorationLock speedFull tech treeHidden civsTurbo modeCheats
Victory
Defeat
🇨🇭 Lithuanians · Switzerland
978
+15
🇵🇱 Mongols · Poland
954
-40
HarrySzczypior
7:06 Loom
20:20 Feudal Age
20:34 Man-at-Arms
23:11 Horse Collar
25:49 Bloodlines
25:27 Town Watch
27:32 Forging
31:53 Scale Mail Armor
37:35 Castle Age
38:27 Wheelbarrow
40:31 Pikeman
42:47 Wheelbarrow
49:10 Crossbowman
Meninkain
7:13 Loom
9:30 Feudal Age
15:28 Double-Bit Axe
16:37 Horse Collar
17:08 Gold Mining
18:32 Wheelbarrow
23:08 Castle Age
21:21 Forging
22:34 Stone Mining
22:57 Bloodlines
22:53 Scale Barding Armor
23:33 Fletching
24:46 Fervor
26:48 Husbandry
28:10 Iron Casting
27:55 Chain Barding Armor
28:58 Chain Barding Armor
31:10 Heavy Plow
31:29 Bow Saw
30:42 Light Cavalry
31:49 Sanctity
31:29 Bodkin Arrow
32:57 Padded Archer Armor
33:51 Stone Shaft Mining
34:29 Leather Archer Armor
35:27 Hand Cart
38:09 Treadmill Crane
41:01 Imperial Age
38:17 Town Watch
39:07 Town Patrol
39:51 Thumb Ring
40:23 Hill Forts
41:40 Ballistics
43:04 Two-Man Saw
42:39 Crop Rotation
42:41 Conscription
43:26 Chemistry
42:36 Masonry
42:14 Cavalier
46:03 Bracer
46:39 Plate Barding Armor
47:28 Murder Holes
48:03 Architecture
49:41 Elite Leitis
51:44 Hoardings
51:11 Spies/Treason
52:30 Paladin
Connection lost

Rejoining the realm…

Still unreachable

The connection could not be restored.

Session expired

The server has moved on; the page needs a fresh start.